 Dungeon Crawl Stone Soup version 0.17-a0-1899-ge84b1df (webtiles) character file.

1520 zus the Chiller (level 8, -1/48 HPs)
             Began as a Gargoyle Ice Elementalist on Sept 22, 2015.
             Was an Initiate of Sif Muna.
             Slain by a thrashing horror (4 damage)
             ... on level 1 of the Abyss on Sept 24, 2015.
             The game lasted 01:04:04 (9558 turns).

zus the Chiller (Gargoyle Ice Elementalist)         Turns: 9558, Time: 01:04:04

Health: -1/48      AC: 10    Str: 12      XL:     8   Next: 84%
Magic:  14/14      EV: 12    Int: 16 (18) God:    Sif Muna [......]
Gold:   280        SH:  0    Dex: 10      Spells: 4 memorised, 6 levels left

rFire  . . .     SeeInvis .       - Unarmed
rCold  + . .     Clarity  .     a - +0 robe
rNeg   + . .     SustAt   .     (no shield)
rPois  ∞         Gourm    .     (no helmet)
rElec  +         Spirit   .     h - +0 cloak
rCorr  .         Warding  .     u - +0 pair of gloves
rMut   .         Stasis   .     e - +0 pair of boots (curse)
MR     .....                    (no amulet)
Stlth  ++........               (no ring)
                                p - ring of protection from cold

@: very slightly contaminated, not resistant to hostile enchantments, unstealthy
A: negative energy resistance 1, electricity resistance, unbreathing,
petrification resistance, rot immunity, AC +5
a: Renounce Religion


You were on level 1 of the Abyss.
You worshipped Sif Muna.
Sif Muna was noncommittal.
You were near starving.

You visited 1 branch of the dungeon, and saw 6 of its levels.
You visited the Abyss 1 time.

You collected 325 gold pieces.
You spent 45 gold pieces at shops.

Inventory:

Armour
 a - a +0 robe (worn)
 e - a cursed +0 pair of boots (worn)
 h - a +0 cloak (worn)
 u - a +0 pair of gloves (worn)
Jewellery
 p - a ring of protection from cold (left hand)
 s - an uncursed ring of sustain attributes {unknown}
Magical devices
 r - a wand of digging (13)
Scrolls
 i - a scroll of recharging
 k - 5 scrolls of identify
 l - 2 scrolls of remove curse
 n - a scroll of fog
Potions
 g - a potion of mutation {unknown}
 m - a potion of ambrosia {unknown}
 t - a potion of resistance {unknown}
Books
 b - a book of Frost

   Spells                             Type                      Level
   a - Freeze                         Ice                          1
   b - Throw Frost                    Conjuration/Ice              2
   c - Ozocubu's Armour               Charms/Ice                   3
   d - Throw Icicle                   Conjuration/Ice              4
   e - Summon Ice Beast               Ice/Summoning                4
   f - Condensation Shield            Ice                          4
Comestibles
 c - 3 bread rations
 d - 4 beef jerkies
 o - a royal jelly


   Skills:
 * Level 4.3 Fighting
 + Level 2.8 Dodging
 + Level 2.8 Stealth
 * Level 3.3 Unarmed Combat
 + Level 4.5 Spellcasting
 * Level 3.8 Conjurations
 * Level 3.4 Charms
 + Level 5.1 Ice Magic
 * Level 1.9 Invocations


You had 6 spell levels left.
You knew the following spells:

 Your Spells              Type           Power        Failure   Level  Hunger
a - Freeze                Ice            ###.         1%          1    None
b - Throw Frost           Conj/Ice       ###...       4%          2    ##.....
c - Ozocubu's Armour      Chrm/Ice       ###.....     12%         3    ###....
d - Throw Icicle          Conj/Ice       ###.....     28%         4    ####...


Dungeon Overview and Level Annotations

Branches:
Dungeon (6/15)             Temple (0/1) D:4

Altars:
Elyvilon
Sif Muna
Xom

Shops:
D:6 [


Innate Abilities, Weirdness & Mutations

You are resistant to torment.
Your stone body is resilient (AC +5).
You are immune to poison.
You resist negative energy.
You are resistant to electric shocks.
You can survive without breathing.
You are immune to petrification.
You are immune to rotting.


Message History

* * * LOW HITPOINT WARNING * * *
You hold your ground!
The thrashing horror tramples you but does no damage.
The thrashing horror roars!
The thrashing horror tramples you but does no damage.
The thrashing horror tramples you.
* * * LOW HITPOINT WARNING * * *
You hold your ground!
The large abomination hits you but does no damage.
The thrashing horror closely misses you.
The thrashing horror barely misses you.
The thrashing horror roars!
The thrashing horror misses you.
The thrashing horror tramples you but does no damage.
The neqoxec gestures at you.
You feel dopey. Something feeds on your intellect!
Tentacles burst from the starspawn's body!
The thrashing horror tramples you.
You die...

#...#
##+###...##.....##
#........+........
#........##.....#
#........##...".#
#...............#
#.....w.w.......#
+.....@X5.......#
#......XXx......#
######.#.###.#########
...#......####...#
....#.#..# .##.# ## #
#..#.##.#.3.###..##. .
...... ##..##..x.###.
. #.....
#.##...####... #. .#
..# ###.#.#.# ##


You could see a tentacled starspawn, an ancient zyme, a thrashing horror, a
large abomination, a neqoxec, 2 starspawn tentacles and an iron imp.

Vanquished Creatures
  A two-headed ogre (D:4)
  The ghost of johnspovegas the Bolt Thrower, an average KoAM of Xom (D:4)
  5 ogres
  A giant frog (D:6)
  2 crimson imps (D:5)
  A giant frog zombie (D:5)
  A jelly (D:5)
  A hound (D:4)
  2 orc priests
  4 orc wizards
  4 worker ants
  6 gnolls
  11 adders
  A shadow imp (D:5)
  An ooze (D:1)
  2 worms
  6 giant geckos
  18 orcs
  13 bats
  8 giant cockroaches
  8 goblins
  11 hobgoblins
  3 jackals (D:4)
  3 quokkas
  A ball python (D:4)
  A giant gecko skeleton (D:5)
  4 giant newts
  9 kobolds
  A quokka skeleton (D:4)
  7 rats
137 creatures vanquished.

Vanquished Creatures (others)
  An orc (D:4)
1 creature vanquished.

Grand Total: 138 creatures vanquished

Notes
Turn   | Place    | Note
--------------------------------------------------------------
     0 | D:1      | zus the Gargoyle Ice Elementalist began the quest for the Orb.
     0 | D:1      | Reached XP level 1. HP: 10/10 MP: 3/3
   208 | D:1      | Reached XP level 2. HP: 10/15 MP: 1/5
   212 | D:1      | Learned a level 2 spell: Throw Frost
   876 | D:1      | Reached XP level 3. HP: 20/20 MP: 0/6
  2035 | D:2      | Learned a level 3 spell: Ozocubu's Armour
  2056 | D:2      | Reached XP level 4. HP: 24/24 MP: 0/8
  2246 | D:2      | Reached skill level 1 in Fighting
  2813 | D:2      | Reached skill level 4 in Ice Magic
  2959 | D:3      | Upgraded the game from 0.17-a0-1882-g750edc8 to 0.17-a0-1899-ge84b1df
  3290 | D:3      | Reached XP level 5. HP: 19/29 MP: 0/9
  3435 | D:3      | Reached skill level 1 in Unarmed Combat
  4108 | D:4      | Noticed a two-headed ogre
  4769 | D:4      | Learned a level 4 spell: Throw Icicle
  4783 | D:4      | Noticed an ogre
  4791 | D:4      | Killed an ogre
  4791 | D:4      | Reached skill level 1 in Charms
  4791 | D:4      | Reached XP level 6. HP: 9/35 MP: 0/10
  5052 | D:4      | Noticed an ogre
  5093 | D:4      | Killed an ogre
  5387 | D:4      | Noticed johnspovegas's ghost (average KoAM)
  5416 | D:4      | Killed johnspovegas's ghost
  5416 | D:4      | Reached XP level 7. HP: 9/41 MP: 0/12
  5926 | D:4      | Killed a two-headed ogre
  6033 | D:4      | Reached XP level 8. HP: 41/47 MP: 2/14
  6631 | D:4      | Found a deep blue altar of Sif Muna.
  6681 | D:4      | Found a staircase to the Ecumenical Temple.
  6707 | D:4      | Became a worshipper of Sif Muna the Loreminder
  7302 | D:5      | Entered Level 5 of the Dungeon
  7726 | D:5      | Reached skill level 1 in Invocations
  7976 | D:5      | HP: 2/48 [orc priest/nerve-wracking pain (4)]
  8272 | D:5      | Reached skill level 5 in Ice Magic
  9104 | D:6      | Found Waibeodgh's Armour Boutique.
  9113 | D:6      | Bought a +0 pair of gloves for 45 gold pieces
  9169 | D:6      | Found a white marble altar of Elyvilon.
  9442 | D:6      | Found a shimmering altar of Xom.
  9458 | D:6      | Cast into the Abyss (gnoll)
  9497 | Abyss:1  | Noticed an ancient zyme
  9521 | Abyss:1  | Noticed a large abomination
  9549 | Abyss:1  | Noticed a thrashing horror
  9552 | Abyss:1  | Noticed a tentacled starspawn
  9558 | Abyss:1  | Slain by a thrashing horror

Vault maps used:
D:1:      erik_arrival_triangle_small
D:2:      serial_corexii_hall, corexii_hall_statues_l, corexii_hall_statues_i,
          first_bread
D:3:      hangedman_decor_peaks_small
D:4:      lemuel_doored_altar, temple_green, kennysheep_diamond, minmay_ruptured
D:6:      lemuel_coloured_pillars_altar, serial_shops, shop, enter_ossuary_3,
          serial_glass, glass_columns_c, glass_columns_a, glass_columns_a,
          glass_columns_a, glass_columns_a, glass_columns_a, tgw_xom

Action                   |  1- 3 |  4- 6 |  7- 9 || total
-------------------------+-------+-------+-------++-------
Melee: Unarmed           |    39 |   139 |   308 ||   486
 Cast: Freeze            |    44 |    58 |    67 ||   169
       Throw Frost       |    24 |    43 |    35 ||   102
       Ozocubu's Armour  |     1 |     5 |     4 ||    10
  Use: Scroll            |     2 |     2 |     3 ||     7
       Potion            |       |     7 |     2 ||     9
 Stab: Sleeping          |       |     2 |     1 ||     3
       Invisible         |       |       |     1 ||     1
  Eat: Chunk             |     5 |    13 |     6 ||    24
       Bread ration      |       |     1 |       ||     1
       Meat ration       |       |       |     1 ||     1
